 Dungeon Crawl Stone Soup version 0.27.1-34-g3ba077fa99 (webtiles) character file.

Game seed: 5689467991154028809

841 shadowrider38 the Ducker (level 8, -1/55 HPs)
             Began as an Octopode Wanderer on Jan 10, 2022.
             Slain by an orc warrior (13 damage)
             ... on level 5 of the Dungeon.
             The game lasted 00:18:30 (7696 turns).

shadowrider38 the Ducker (Octopode Wanderer)        Turns: 7696, Time: 00:18:34

Health: -1/55      AC:  1    Str: 10    XL:     8   Next: 0%
Magic:  8/12       EV: 15    Int: 15    God:
Gold:   328        SH:  0    Dex: 14    Spells: 10/13 levels left

rFire    . . .     SeeInvis +   a - +3 flail
rCold    . . .     Faith    .   (no shield)
rNeg     . . .     Spirit   .   (helmet restricted)
rPois    .         Reflect  .   j - amulet of the acrobat
rElec    .         Harm     .   p - +4 ring of slaying
rCorr    +         Rampage  .   r - ring of resist corrosion
Will     .....                  u - ring of see invisible
Stlth    ++........             (no ring)
HPRegen  0.18/turn              (no ring)
MPRegen  0.13/turn              (no ring)
                                (no ring)
                                (no ring)

@: no status effects
A: almost no armour, amphibious, 8 rings, camouflage 1, gelatinous body 1,
(nimble swimmer 1), tentacles
a: no special abilities


You were on level 5 of the Dungeon.
You visited 1 branch of the dungeon, and saw 6 of its levels.

You collected 328 gold pieces.

Inventory:

Hand Weapons
 a - a +3 flail (weapon)
 w - a +1 dagger of venom
Missiles
 e - 13 poisoned darts
 h - 102 stones
 t - 2 boomerangs of dispersal
 v - 3 boomerangs
Jewellery
 j - an amulet of the acrobat (around mantle)
 p - a +4 ring of slaying (left tentacle)
 r - a ring of resist corrosion (right tentacle)
 u - a ring of see invisible (on tentacle)
Wands
 m - a wand of polymorph (2)
 s - a wand of paralysis (6)
Scrolls
 c - a scroll of enchant weapon
 g - 2 scrolls of identify {unknown}
 k - a scroll of fear
 l - 3 scrolls of teleportation
 q - 2 scrolls of amnesia {unknown}
 x - a scroll of immolation {unknown}
Potions
 b - a potion of lignification
 d - a potion of heal wounds {unknown}
 f - a potion of curing {unknown}
 i - 2 potions of ambrosia {unknown}
 n - 2 potions of resistance {unknown}
 o - 2 potions of degeneration {unknown}


   Skills:
 + Level 5.3 Fighting
 - Level 2.0 Crossbows
 - Level 1.0 Throwing
 - Level 6.0 Dodging
 - Level 1.0 Shields
 - Level 3.0 Spellcasting
 - Level 4.0 Summonings


You had 10 spell levels left.
You knew the following spells:

 Your Spells              Type           Power      Damage    Failure   Level
a - Magic Dart            Conj           8%         1d3       21%         1
b - Call Imp              Summ           14%        N/A       6%          2

Your spell library contained the following spells:

 Spells                   Type           Power      Damage    Failure   Level
 Foxfire                  Conj/Fire      8%         2x1d4     21%         1
 Blink                    Tloc           N/A        N/A       30%         2
 Corpse Rot               Necr/Air       N/A        N/A       30%         2
 Poisonous Vapours        Pois/Air       4%         N/A       30%         2
 Slow                     Hex            2%         N/A       30%         2
 Confusing Touch          Hex            2%         N/A       52%         3
 Conjure Flame            Conj/Fire      2%         6-21      52%         3
 Mephitic Cloud           Conj/Pois/Air  2%         N/A       52%         3
 Ozocubu's Armour         Ice            2%         N/A       52%         3
 Stone Arrow              Conj/Erth      4%         3d7       52%         3
 Freezing Cloud           Conj/Ice/Air   1%         6-21      99%         5
 Metabolic Englaciation   Hex/Ice        1%         N/A       99%         5
 Yara's Violent Unravell  Hex/Tmut       1%         3d3       99%         5
 Simulacrum               Ice/Necr       1%         N/A       100%        6
 Lehudib's Crystal Spear  Conj/Erth      1%         10d2      100%        8
 Animate Armour           Summ/Erth      Unusable   N/A       N/A         4

Dungeon Overview and Level Annotations

Branches:
Dungeon (6/15)
 Temple: D:4-7

Altars:

Annotations:
D:4 1 runed translucent door, exclusion: 2 downstairs, Crazy Yiuf
D:5 Edmund


Innate Abilities, Weirdness & Mutations

You cannot wear most types of armour.
You are amphibious.
You can wear up to eight rings at the same time.
Your skin changes colour to match your surroundings (Stealth+).
Your rubbery body absorbs attacks. (AC +1, EV +1)
((You are camouflaged near water. (Stealth+)))
You have tentacles for arms and can constrict up to eight enemies at once.


Message History

The orc warrior hits your white imp with a +0 long sword!!
Your white imp dies!
Your white imp disappears in a puff of smoke!
Unknown command.
Your shadow imp hits the orc warrior.
Your crimson imp blinks!
The orc warrior hits your shadow imp with a +0 long sword!
Your shadow imp dies!
Your shadow imp disappears in a puff of smoke!
The orc warrior shouts!
You hit the centaur skeleton.
The centaur skeleton is moderately damaged.
The centaur skeleton hits you.
* * * LOW HITPOINT WARNING * * *
The centaur skeleton barely misses you. The centaur skeleton hits you.
* * * LOW HITPOINT WARNING * * *
The centaur skeleton kicks you.
* * * LOW HITPOINT WARNING * * *
Unknown command.
Your crimson imp hits the centaur skeleton.
The centaur skeleton closely misses your crimson imp.
The centaur skeleton barely misses your crimson imp.
The centaur skeleton misses your crimson imp.
The centaur skeleton kicks your crimson imp.
Your crimson imp hits the centaur skeleton.
The centaur skeleton barely misses your crimson imp.
The centaur skeleton misses your crimson imp.
Found a stone staircase leading down.
Your crimson imp blinks!
Your crimson imp blinks!
Your crimson imp hits the centaur skeleton.
Your crimson imp blinks!
There is a stone staircase leading down here.
Unknown command.
Aiming: Paralyse
Press: ? - help, Shift-Dir - straight line, f - orc warrior
Aim: an orc warrior, wielding a +0 long sword and wearing a +0 chain mail (moderately wounded, chance to affect: 46%)
The orc warrior resists with some effort.
The orc warrior hits you with a +0 long sword!
You die...

.......##.#.......#
....##.##..........##
[...##.####.........#
)..###.# #.........#
<..# #..###.@.......#
...# ##.............#
...# ###..........#
.### ##........## .#
#.....@...# .####
#....o....# .)..###
#...Z.....#
###...#####.........#
##.....##...........#
#..................##
..................##
................###
................#


You could see Edmund, an orc warrior and a centaur skeleton.

Vanquished Creatures
  A water moccasin (D:6)
  A sky beast (D:6)
  A black bear (D:6)
  2 scorpions
  A water moccasin skeleton (D:4)
  A bullfrog zombie (D:5)
  An orc priest (D:6)
  Natasha (thrice) (D:2)
  4 orc wizards
  A hound skeleton (D:5)
  5 adders
  A worm (D:2)
  A dart slug (D:5)
  17 orcs
  9 ball pythons
  7 bats
  7 endoplasms
  2 giant cockroaches
  12 goblins
  6 hobgoblins
  4 jackals (D:1)
  15 kobolds
  3 quokkas
  5 frilled lizards
  4 rats
114 creatures vanquished.

Vanquished Creatures (others)
  34 plants (D:3)
34 creatures vanquished.

Grand Total: 148 creatures vanquished

Notes
Turn   | Place    | Note
-------+----------+-------------------------------------------
     0 | D:1      | shadowrider38 the Octopode Wanderer began the quest for the
                  | Orb.
     0 | D:1      | shadowrider38 set off with the following items: a +0 hand
                  | axe, a potion of lignification; and the following spell
                  | memorised: Magic Dart; and the following spells available
                  | to memorise: Blink, Call Imp, Slow, Conjure Flame, Mephitic
                  | Cloud
     0 | D:1      | Reached XP level 1. HP: 16/16 MP: 4/4
   118 | D:1      | Reached skill level 1 in Dodging
   129 | D:1      | Reached XP level 2. HP: 15/21 MP: 6/6
   265 | D:1      | Reached skill level 2 in Dodging
   687 | D:1      | Reached XP level 3. HP: 26/26 MP: 7/7
  1590 | D:2      | Reached skill level 3 in Dodging
  1762 | D:2      | Learned a level 2 spell: Call Imp
  1794 | D:2      | Noticed Natasha
  1804 | D:2      | Killed Natasha
  1805 | D:2      | Reached XP level 4. HP: 11/31 MP: 3/8
  1841 | D:2      | Noticed Natasha
  2512 | D:2      | Reached skill level 4 in Dodging
  2815 | D:2      | Reached skill level 1 in Summonings
  3265 | D:2      | Killed Natasha
  3266 | D:2      | Reached XP level 5. HP: 36/36 MP: 3/9
  3406 | D:2      | Noticed Natasha
  3415 | D:2      | Killed Natasha
  3888 | D:3      | Found a faded altar of an unknown god.
  3899 | D:3      | Got Plato's Almanac of the Arsonist
  4492 | D:4      | Reached XP level 6. HP: 44/44 MP: 10/10
  4674 | D:4      | Reached skill level 5 in Fighting
  5465 | D:4      | Found a runed translucent door.
  5466 | D:4      | Noticed Crazy Yiuf
  5525 | D:5      | Entered Level 5 of the Dungeon
  5891 | D:5      | Noticed Edmund
  7188 | D:6      | Reached XP level 7. HP: 42/50 MP: 11/11
  7445 | D:6      | Reached skill level 5 in Dodging
  7619 | D:6      | Reached skill level 6 in Dodging
  7624 | D:6      | Reached XP level 8. HP: 33/55 MP: 7/12
  7696 | D:5      | Slain by an orc warrior

Illustrated notes

Levels and vault maps discovered:
D:1:      psy_arrival_statuary, layout_loops_ring, minmay_misc_feat_tiny
D:2:      minmay_thinvault, layout_basic, uniq_natasha
D:3:      layout_basic, shapermc_ecumenical_altar_rom_forum, serial_bayou,
          serial_bayou_ford_a, serial_bayou_pond_a, serial_bayou_lake_a,
          serial_bayou_crossing
D:4:      layout_loops_corners, uniq_crazy_yiuf_cottage
D:5:      layout_rooms, uniq_edmund
D:6:      layout_basic

Skill      XL: |  1  2  3  4  5  6  7 |
---------------+----------------------+-----
Dodging        | 1 2 3 4 6 |  6.0
Summonings     | 2 3 4 |  4.0
Fighting       | 4 5 |  5.3
Crossbows      | |  2.0
Throwing       | |  1.0
Shields        | |  1.0
Spellcasting   | |  3.0

Action                   |  1- 3 |  4- 6 |  7- 9 || total
-------------------------+-------+-------+-------++-------
Melee: Dagger            |    59 |   142 |     4 ||   205
       Constrict         |    15 |    41 |     6 ||    62
       Tentacles         |    11 |    22 |     5 ||    38
       Hand axe          |     2 |       |       ||     2
       Flail             |       |       |    17 ||    17
Throw: Dart              |       |     6 |     5 ||    11
       Stone             |       |    12 |       ||    12
       Boomerang         |       |       |     1 ||     1
 Cast: Magic Dart        |    38 |    23 |       ||    61
       Call Imp          |       |       |     7 ||     7
Evoke: Wand              |       |       |     1 ||     1
  Use: Scroll            |       |     3 |       ||     3
 Stab: Sleeping          |     3 |    11 |       ||    14
Armor: Skin              |     5 |     8 |     3 ||    16
Dodge: Dodged            |    42 |   101 |    42 ||   185
